 Dungeon Crawl Stone Soup version 0.21-a0-584-g185da8e (console) character file.

650 Mandevil the Ruffian (level 7, -6/58 HPs)
             Began as a Black Draconian Transmuter on Dec 21, 2017.
             Killed by nerve-wracking pain
             ... invoked by an orc priest
              (14 damage)
             ... on level 5 of the Dungeon.
             The game lasted 00:13:52 (4616 turns).

Mandevil the Ruffian (Black Draconian Transmuter)   Turns: 4616, Time: 00:13:53

Health: -6/58      AC:  2    Str: 14    XL:     7   Next: 28%
Magic:  9/12       EV: 21    Int: 14    God:
Gold:   139        SH:  2    Dex: 16    Spells: 7/13 levels left

rFire    . . .     SeeInvis .     - Unarmed
rCold    . . .     Gourm    .   (shield currently unavailable)
rNeg     . . .     Faith    .   (armour unavailable)
rPois    x         Spirit   .   (helmet currently unavailable)
rElec    .         Reflect  +   (cloak currently unavailable)
rCorr    .         Harm     .   (gloves currently unavailable)
MR       .....                  (boots currently unavailable)
Stlth    +.........             h - +2 amulet of reflection
HPRegen  0.19/turn              (no ring)
MPRegen  0.13/turn              (no ring)

@: spider-form
A: tiny, (breathe lightning), unfitting armour, AC +6
a: End Transformation


You were on level 5 of the Dungeon.
You were hungry.
You were a venomous arachnid creature.
You visited 1 branch of the dungeon, and saw 5 of its levels.

You collected 139 gold pieces.

Inventory:

Hand Weapons
 b - a +0 blowgun
Missiles
 a - 49 arrows
 r - 22 bolts
 s - 154 stones (quivered)
 t - 3 tomahawks
 u - 42 poisoned needles
 y - 18 sling bullets
Armour
 g - a +1 cloak (melded)
Jewellery
 h - a +2 amulet of reflection (around neck)
Wands
 w - a wand of iceblast (12)
 x - a wand of disintegration (6)
Scrolls
 d - 5 scrolls of identify {unknown}
 f - 2 scrolls of teleportation {unknown}
 k - a scroll of magic mapping {unknown}
 l - a scroll of random uselessness {unknown}
 m - a scroll of immolation {unknown}
 n - a scroll of amnesia {unknown}
 o - 2 scrolls of remove curse {unknown}
Potions
 e - 2 potions of mutation {unknown}
 i - a potion of lignification {unknown}
 j - 2 potions of curing {unknown}
 p - 2 potions of degeneration {unknown}
 z - a potion of agility {unknown}
Books
 v - a book of Changes

   Spells                             Type                      Level
   a - Beastly Appendage              Transmutation                1
   b - Sticks to Snakes               Transmutation                2
   c - Spider Form                    Transmutation/Poison         3
   d - Ice Form                       Ice/Transmutation            4
   e - Blade Hands                    Transmutation                5
Comestibles
 c - 8 rations


   Skills:
 + Level 3.9 Fighting
 + Level 3.5 Dodging
 + Level 4.6 Unarmed Combat
 + Level 3.6 Spellcasting
 + Level 4.0 Transmutations


You had 7 spell levels left.
You knew the following spells:

 Your Spells              Type           Power        Failure   Level  Hunger
a - Beastly Appendage     Tmut           ##....       12%         1    None
b - Sticks to Snakes      Tmut           ##......     17%         2    ##.....
c - Spider Form           Tmut/Pois      #.........   47%         3    ###....


Dungeon Overview and Level Annotations

Branches:
Dungeon (5/15)
 Temple: D:4-7

Altars:
Cheibriados
Zin
The Shining One

Shops:
D:4 *   D:5 [


Innate Abilities, Weirdness & Mutations

((You can breathe wild blasts of lightning.))
((Your glossy black scales are hard. (AC +6)))
You cannot fit into any form of body armour.
((You are resistant to electric shocks. (rElec)))
((You are cold-blooded and may be slowed by cold attacks.))


Message History

You hit the orc.
You kill the orc!
You bite the worm!
The worm is poisoned.
The worm is heavily wounded.
The orc priest invokes the aid of Beogh against you.
Pain shoots through your body! The worm barely misses you.
You are too injured to fight recklessly!
You are too injured to fight recklessly!
You are too injured to fight recklessly!
You are too injured to fight recklessly!
The orc priest invokes the aid of Beogh against you.
Beogh smites you!
* * * LOW HITPOINT WARNING * * *
Items here: %%% )) ? [[[ You barely miss the orc priest.
The orc priest misses you.
You hit the orc priest.
The orc priest is poisoned.
The orc priest is heavily wounded.
The orc priest invokes the aid of Beogh against you.
Pain shoots through your body!
You die...

#........#
#.##...###
#.##...###
#........#
###.####........#
................#
###.####......#.###
####.o....<#
##s##...w #w# .#
#)# #.# .\# ...#
#.... #..## #..


You could see a worm and an orc priest.

Vanquished Creatures
  An ogre (D:4)
  A scorpion (D:5)
  A centaur zombie (D:5)
  3 orc priests
  3 hounds
  Terence (D:3)
  An iguana (D:4)
  2 worker ants (D:4)
  7 adders
  An ooze (D:3)
  A worm (D:3)
  A dart slug (D:3)
  4 leopard geckos
  26 orcs
  9 bats
  3 giant cockroaches
  11 goblins
  9 hobgoblins
  9 jackals
  2 quokkas
  2 ball pythons
  3 frilled lizards (D:1)
  9 kobolds
  7 rats
117 creatures vanquished.

Vanquished Creatures (collateral kills)
  An adder (D:2)
1 creature vanquished.

Grand Total: 118 creatures vanquished

Notes
Turn   | Place    | Note
-------+----------+-------------------------------------------
     0 | D:1      | Mandevil the Draconian Transmuter began the quest for the Orb.
     0 | D:1      | Reached XP level 1. HP: 16/16 MP: 3/3
   127 | D:1      | Reached XP level 2. HP: 23/23 MP: 5/5
   410 | D:1      | Found a snail-covered altar of Cheibriados.
   711 | D:2      | Reached XP level 3. HP: 24/29 MP: 4/6
  1005 | D:2      | Learned a level 2 spell: Sticks to Snakes
  1009 | D:2      | Learned a level 3 spell: Spider Form
  1508 | D:3      | Found a faded altar of an unknown god.
  1532 | D:3      | Reached XP level 4. HP: 32/36 MP: 5/7
  2497 | D:3      | Reached XP level 5. HP: 24/42 MP: 4/9
  2670 | D:3      | Noticed Terence
  2687 | D:3      | Killed Terence
  3081 | D:3      | Found a glowing golden altar of the Shining One.
  3559 | D:4      | Reached XP level 6. HP: 48/51 MP: 8/10
  3982 | D:4      | Found Zin's Purification Station.
  3982 | D:4      | Found a glowing silver altar of Zin.
  4268 | D:4      | Your scales start taking on a glossy black colour.
  4268 | D:4      | Reached XP level 7. HP: 58/58 MP: 8/12
  4268 | D:4      | Gained mutation: You are resistant to electric shocks. (rElec) [Black Draconian growth]
  4533 | D:5      | Entered Level 5 of the Dungeon
  4578 | D:5      | Found Xashesel's Antique Armour Shoppe.
  4616 | D:5      | Killed from afar by an orc priest

Vault maps used:
D:1:      dpeg_arrival_ternary, cheibriados_altar_1
D:2:      moated_statue
D:3:      nicolae_tso_swordbearing_angel, chequers_ecumenical_altar_simple,
          uniq_terence
D:4:      zin_purify
D:5:      serial_shops, shop, first_ration

Skill      XL: |  1  2  3  4  5  6  7 |
---------------+----------------------+-----
Dodging        | 2 3 |  3.5
Fighting       | 2 3 |  3.9
Transmutations | 3 4 |  4.0
Spellcasting   | 3 |  3.6
Unarmed Combat | 4 |  4.6

Action                   |  1- 3 |  4- 6 |  7- 9 || total
-------------------------+-------+-------+-------++-------
Melee: Unarmed           |   152 |   255 |    30 ||   437
       Tailslap          |     8 |    16 |     1 ||    25
       Headbutt          |     2 |     6 |       ||     8
       Kick              |    13 |    19 |     2 ||    34
       Punch             |       |     4 |       ||     4
 Fire: Blowgun           |       |     3 |       ||     3
Throw: Stone             |    31 |    48 |       ||    79
 Cast: Beastly Appendage |    14 |    20 |     1 ||    35
       Sticks to Snakes  |     1 |     6 |       ||     7
       Spider Form       |       |     7 |     3 ||    10
  Use: Scroll            |       |     1 |     1 ||     2
  Eat: Chunk             |     2 |    11 |     1 ||    14
Armor: Skin              |    34 |    63 |     3 ||   100
Dodge: Dodged            |    96 |   144 |    21 ||   261
Block: Other             |    10 |    14 |     1 ||    25

Table legend:
 A = Spawn XP
 B = Non-spawn XP
 C = Spawn XP percentage of total XP
 D = Spawn monster count
 E = Non-spawn monster count
 F = Spawn count percentage of total count
 G = Total turns spent on level
                    A         B        C        D         E        F      G
               +---------+---------+-------+---------+---------+-------+---------
         Total |       0 |     929 |   0.0 |       0 |     118 |   0.0 |  4616
               +---------+---------+-------+---------+---------+-------+---------
           D:1 |       0 |      27 |   0.0 |       0 |      18 |   0.0 |   559
           D:2 |       0 |      62 |   0.0 |       0 |      25 |   0.0 |  1212
           D:3 |       0 |     251 |   0.0 |       0 |      47 |   0.0 |  1711
           D:4 |       0 |     416 |   0.0 |       0 |      19 |   0.0 |  1051
           D:5 |       0 |     173 |   0.0 |       0 |       9 |   0.0 |    83
               +---------+---------+-------+---------+---------+-------+---------
